 Dungeon Crawl Stone Soup version 0.27.1-3-gb3d3a73c9e (webtiles) character file.

Game seed: 2688996535668139281

12 junebug69 the Chopper (level 2, -1/24 HPs)
             Began as a Human Berserker on Oct 18, 2021.
             Was a Follower of Trog.
             Slain by a goblin (2 damage)
             ... on level 1 of the Dungeon on Oct 20, 2021.
             The game lasted 00:03:04 (1015 turns).

junebug69 the Chopper (Human Berserker)             Turns: 1015, Time: 00:03:05

Health: -1/24      AC:  2    Str: 17    XL:     2   Next: 45%
Magic:  2/2        EV: 12    Int:  7    God:    Trog [*.....]
Gold:   18         SH:  0    Dex: 12    Spells: 1/1 levels left

rFire    . . .     SeeInvis .   a - +0 hand axe
rCold    . . .     Faith    .   (no shield)
rNeg     . . .     Spirit   .   b - +0 animal skin
rPois    .         Reflect  .   (no helmet)
rElec    .         Harm     .   (no cloak)
rCorr    .         Rampage  .   (no gloves)
Will     .....                  (no boots)
Stlth    +.........             (no amulet)
HPRegen  0.08/turn              (no ring)
MPRegen  0.08/turn              (no ring)

@: lethally poisoned (-1 -> -6)
A: no striking features
a: Renounce Religion, Berserk


You were on level 1 of the Dungeon.
You worshipped Trog.
Trog was aware of your devotion.
You visited 1 branch of the dungeon, and saw 1 of its levels.

You collected 18 gold pieces.

Inventory:

Hand Weapons
 a - a +0 hand axe (weapon)
Armour
 b - a +0 animal skin (worn)
Scrolls
 c - a scroll of vulnerability {unknown}
 d - 3 scrolls of identify {unknown}
Potions
 e - a potion of flight {unknown}


   Skills:
 + Level 3.1 Fighting
 + Level 3.3 Axes
 + Level 2.1 Armour
 + Level 2.1 Dodging


You had one spell level left.
You didn't know any spells.
Your spell library was empty.

Dungeon Overview and Level Annotations

Branches:
Dungeon (1/15)

Altars:


Message History

Trog accepts your kill.
Found 13 gold pieces.
You open the door.
There is an open door here.
You now have 18 gold pieces (gained 13).
There are no items here.
A goblin comes into view. It is wielding a +2 dagger of venom.
The goblin shouts!
The goblin hits you with a +2 dagger of venom.
You are poisoned.
A ball python comes into view.
You feel very sick.
The goblin hits you with a +2 dagger of venom.
You are lethally poisoned!
You feel very sick.
The ball python hisses angrily.
You feel very sick.
* * * LOW HITPOINT WARNING * * *
You feel very sick. The ball python bites you.
* * * LOW HITPOINT WARNING * * *
The ball python closely misses you.
Found a stone staircase leading down.
* * * LOW HITPOINT WARNING * * *
You feel sick. The ball python barely misses you. The ball python grabs you.
The ball python constricts you. The goblin barely misses you.
You are too injured to fight recklessly!
You are too injured to fight recklessly!
You are too injured to fight recklessly!
You are too injured to fight recklessly!
You escape the ball python's grasp.
* * * LOW HITPOINT WARNING * * *
You feel sick. The goblin barely misses you.
You are too injured to fight recklessly!
You barely miss the goblin. You hit the ball python.
* * * LOW HITPOINT WARNING * * *
You feel sick. The ball python closely misses you.
The ball python barely misses you.
The goblin hits you with a +2 dagger of venom.
You die...

########## # ..#......#
#.####### #.#......######
........# #.#...........#
........# #.#...........#
........###.#...........#
.......S@##.##...#'#...##
........g............#...
####..#############.#####
#.> ...........### ##
.#######.#.##. #.#.##.
#.#.##. ..#.#8. ###.#<.


You could see a goblin and a ball python.

Vanquished Creatures
  3 endoplasms (D:1)
  A hobgoblin (D:1)
  2 quokkas (D:1)
  2 bats (D:1)
  2 frilled lizards (D:1)
  A kobold (D:1)
11 creatures vanquished.

Notes
Turn   | Place    | Note
-------+----------+-------------------------------------------
     0 | D:1      | junebug69 the Human Berserker began the quest for the Orb.
     0 | D:1      | Reached XP level 1. HP: 18/18 MP: 1/1
   482 | D:1      | Reached XP level 2. HP: 17/24 MP: 2/2
  1015 | D:1      | HP: 1/24 [poisoned by a goblin]
  1015 | D:1      | Slain by a goblin

Illustrated notes

Levels and vault maps discovered:
D:1:      mrwooster_arrival_statue_2, layout_basic, moated_statue,
          minmay_tetromino_s4

Action                   || total
-------------------------++-------
Melee: Hand axe          ||    19
 Stab: Sleeping          ||     1
Armor: Animal skin       ||     7
Dodge: Dodged            ||    22
